Stars vs Lightning
Created - January 18, 2024 at 19:08
Goals
|
| Stars |
2 |
1 |
2 |
0 |
2 |
6 |
| Lightning |
1 |
3 |
1 |
0 |
1 |
5 |
|
Shots
|
| Stars |
15 |
10 |
12 |
0 |
3 |
37 |
| Lightning |
9 |
11 |
7 |
2 |
3 |
29 |
|
1st period
1. Stars , Henrik Borgstrom 3 (Scott Kosmachuck 9) at 4:02
2. Lightning , Brendan Lemieux 13 (Noah Hanifin 3, Yanni Gourde 24) at 10:54
3. Stars , Jonathan Drouin 6 (Evgeny Grachev 13, John Tavares 23) at 14:59
Penalties :
Tyler Wotherspoon (Dal) for Holding (Minor) at 5:05, Boris Valabik (Dal) for Tripping (Minor) at 15:12, Nikita Kucherov (T.B) for Tripping (Minor) at 18:29
2nd period
4. Stars , Guillaume Latendresse 10 (John Tavares 24) at 4:27
5. Lightning , Tyler Kennedy 10 (Jimmy Vesey 13) at 11:19
6. Lightning , Brendan Lemieux 14 (Jakob Chychrun 13, Nikita Kucherov 19) at 13:37 (PP)
7. Lightning , Jakob Chychrun 4 (Brendan Lemieux 20) at 15:34
Penalties :
Ben Chiarot (Dal) for Goalie Interference (Minor) at 5:43, Andrej Sustr (Dal) for Hooking (Minor) at 13:16, Shayne Gostisbehere (T.B) for Holding (Minor) at 18:54
3rd period
8. Stars , Scott Kosmachuck 5 (Michael Grabner 27, Boris Valabik 6) at 7:33
9. Stars , Alex Chiasson 3 (Evgeny Grachev 14) at 8:44
10. Lightning , Jakob Chychrun 5 (Noah Hanifin 4, Alex Nedeljkovic) at 14:22
Penalties :
John Tavares (Dal) for Holding (Minor) at 9:28, Tyler Kennedy (T.B) for High sticking (Double Minor) at 18:13
Overtime #1
No Goal
Penalties :
No Penalty
Shootout
Stars, John Tavares - Goal!
Lightning, Nikita Kucherov - Goal!
Stars, Michael Grabner - Stopped by Alex Nedeljkovic
Lightning, Yanni Gourde - Shot Misses the Net
Stars, Guillaume Latendresse - Goal!
Lightning, Brendan Lemieux - Stopped by Jhonas Enroth
Penalties :
No Penalty
Goalie Stats
Jhonas Enroth (Dal), 24 saves from 29 shots - (0.828), W, 7-4-0, 65:00 minutes
Alex Nedeljkovic (T.B), 32 saves from 37 shots - (0.865), OTL, 16-14-2, 65:00 minutes
Players Stats for Stars
Player Name G A P +/- PIM S H SB GA TA FO MP PP MP PK MP
------------------------------------------------------------------------------------
Alex Chiasson 1 0 1 1 0 4 2 1 1 1 1/1 19:48 2:05 2:13
Andrej Sustr 0 0 0 -1 2 0 1 1 0 0 0/0 30:28 3:04 4:31
Andrew Ladd 0 0 0 2 0 1 1 0 0 0 0/0 7:40 0:06 0:57
Ben Chiarot 0 0 0 0 2 2 2 1 0 1 0/0 21:10 2:40 2:47
Boris Valabik 0 1 1 -1 2 1 0 1 2 2 0/0 29:36 3:04 3:43
Brian Lee 0 0 0 2 0 0 0 1 0 0 0/0 11:16 0:00 0:00
Cam Atkinson 0 0 0 -2 0 0 0 0 1 0 1/3 10:39 0:00 0:57
Evgeny Grachev 0 2 2 1 0 4 0 0 1 1 5/13 17:10 2:20 0:51
Evgeny Kuznetsov 0 0 0 -2 0 0 0 0 0 0 3/4 9:47 0:00 0:19
Guillaume Latendresse 1 0 1 0 0 4 1 1 0 0 5/7 24:08 3:00 2:23
Henrik Borgstrom 1 0 1 2 0 2 0 0 0 0 1/2 6:04 0:00 0:00
John Tavares 0 2 2 0 2 1 1 0 2 1 22/39 25:31 3:24 3:57
Jonathan Drouin 1 0 1 1 0 7 0 0 0 0 0/0 16:11 2:20 0:00
Michael Grabner 0 1 1 0 0 4 1 0 0 0 2/3 26:38 3:24 4:57
Paul Ladue 0 0 0 0 0 1 0 1 0 0 0/0 21:48 2:40 3:25
Scott Kosmachuck 1 1 2 2 0 3 0 0 1 0 0/0 6:04 0:00 0:00
Tobias Rieder 0 0 0 -2 0 2 1 0 0 0 0/0 10:43 0:33 0:00
Tyler Wotherspoon 0 0 0 2 2 1 0 0 0 0 0/0 14:16 0:00 2:08
Players Stats for Lightning
Player Name G A P +/- PIM S H SB GA TA FO MP PP MP PK MP
------------------------------------------------------------------------------------
Alex Killorn 0 0 0 0 0 0 4 0 0 1 0/0 8:48 0:00 1:16
Anthony Cirelli 0 0 0 0 0 0 0 0 0 0 0/0 16:25 3:43 0:24
Brendan Lemieux 2 1 3 0 0 4 2 0 1 0 1/3 22:09 4:34 0:55
Brock Boeser 0 0 0 0 0 1 2 0 0 0 1/1 16:09 3:43 0:00
Daultan Leveillé 0 0 0 0 0 0 0 0 0 0 1/1 7:21 0:00 0:20
Jack Roslovic 0 0 0 0 0 3 2 0 0 0 6/13 17:04 3:43 0:55
Jakob Chychrun 2 1 3 2 0 4 0 0 1 1 0/0 17:50 4:53 0:21
Jesper Fast 0 0 0 0 0 2 1 0 0 0 0/0 8:38 0:00 1:51
Jimmy Vesey 0 1 1 -1 0 0 1 1 0 0 1/1 11:14 0:00 0:00
John Carlson 0 0 0 -1 0 0 1 3 2 1 0/0 32:24 4:53 5:35
Michael Kostka 0 0 0 -2 0 0 1 0 0 2 0/0 21:36 3:24 2:22
Nikita Kucherov 0 1 1 0 2 5 3 1 2 0 2/2 24:29 4:34 2:29
Noah Hanifin 0 2 2 2 0 0 0 0 0 1 0/0 9:56 0:00 0:00
Ryan Getzlaf 0 0 0 -1 0 2 2 1 0 1 1/6 11:37 0:00 0:23
Shayne Gostisbehere 0 0 0 -2 2 2 0 2 0 0 0/0 21:14 3:24 2:01
Tyler Kennedy 1 0 1 -1 4 1 1 0 0 0 0/1 11:22 0:00 0:00
Victor Hedman 0 0 0 -1 0 0 1 4 0 1 0/0 25:13 0:00 5:35
Yanni Gourde 0 1 1 0 0 5 2 0 0 0 19/44 26:45 4:34 5:08
3 Stars
1 - Jakob Chychrun (T.B)
2 - Brendan Lemieux (T.B)
3 - Scott Kosmachuck (Dal)
Power Play
Stars - 0 on 4 Attempt(s) - 0.00%
Lightning - 1 on 5 Attempt(s) - 20.00%
Penalty Kill
Stars - 4 on 5 Attempt(s) - 80.00%
- Score 0 goal in Penalty Kill
Lightning - 4 on 4 Attempt(s) - 100.00%
- Score 0 goal in Penalty Kill
Team Stat
Stars - Hits : 10 - Faceoff Wins : 40 - Blocked Shots : 7 - Penalty Minutes : 10
Lightning - Hits : 23 - Faceoff Wins : 32 - Blocked Shots : 12 - Penalty Minutes : 8
Official
Referees : Brandon Blandina and Wes McCauley
Linesman : Julien Fournier and Andrew Smith
Game Notes
No Game Note
Finance
Level 1 -- Attendance: 6000 (100.00%) -- Ticket Income $600,000
Level 2 -- Attendance: 4634 (92.68%) -- Ticket Income $278,040
Level 3 -- Attendance: 1963 (98.15%) -- Ticket Income $68,705
Level 4 -- Attendance: 4000 (100.00%) -- Ticket Income $100,000
Luxury Box -- Attendance: 924 (92.40%) -- Ticket Income $184,800
Game was played at the Amalie Arena.
Total Attendance: 17521 (97.34%)
Total Ticket Income: $1,231,545
Other Income: $184,732
Total Income: $1,416,277
Stars
5 vs 5 Forward
Center Left Wing Right Wing Time % Phy DF OF
1 John Tavares Guillaume Latendresse Michael Grabner 40 1 2 2
2 Evgeny Grachev Jonathan Drouin Alex Chiasson 30 1 2 2
3 Evgeny Kuznetsov Tobias Rieder Cam Atkinson 20 1 2 2
4 Henrik Borgstrom Andrew Ladd Scott Kosmachuck 10 1 2 2
5 vs 5 Defense
Defense Defense Time % Phy DF OF
1 Andrej Sustr Boris Valabik 40 1 2 2
2 Ben Chiarot Paul Ladue 30 1 2 2
3 Brian Lee Tyler Wotherspoon 20 1 2 2
4 Andrej Sustr Boris Valabik 10 1 2 2
PowerPlay Forward
Center Left Wing Right Wing Time % Phy DF OF
1 John Tavares Guillaume Latendresse Michael Grabner 60 0 2 3
2 Evgeny Grachev Jonathan Drouin Alex Chiasson 40 0 2 3
PowerPlay Defense
Defense Defense Time % Phy DF OF
1 Andrej Sustr Boris Valabik 60 1 2 2
2 Ben Chiarot Paul Ladue 40 1 2 2
Penalty Kill 4 Players Forward
Center Wing Time % Phy DF OF
1 John Tavares Michael Grabner 60 1 2 2
2 Guillaume Latendresse Alex Chiasson 40 1 2 2
Penalty Kill 4 Players Defense
Defense Defense Time % Phy DF OF
1 Andrej Sustr Boris Valabik 60 0 3 2
2 Ben Chiarot Paul Ladue 40 0 3 2
Penalty Kill - 3 Players Forward
Forward Time % Phy DF OF
1 John Tavares 60 1 2 2
2 Michael Grabner 40 1 2 2
Penalty Kill - 3 Players Defense
Defense Defense Time % Phy DF OF
1 Andrej Sustr Boris Valabik 60 0 3 2
2 Ben Chiarot Paul Ladue 40 0 3 2
4 vs 4 Forward
Center Wing Time % Phy DF OF
1 John Tavares Michael Grabner 60 0 2 3
2 Guillaume Latendresse Alex Chiasson 40 0 2 3
4 vs 4 Defense
Defense Defense Time % Phy DF OF
1 Andrej Sustr Boris Valabik 60 1 2 2
2 Ben Chiarot Paul Ladue 40 1 2 2
Last Minutes Offensive
Center Left Wing Right Wing Defense Defense
John Tavares Guillaume Latendresse Michael Grabner Andrej Sustr Boris Valabik
Last Minutes Defensive
Center Left Wing Right Wing Defense Defense
John Tavares Guillaume Latendresse Michael Grabner Andrej Sustr Boris Valabik
Goaltenders
Starting : Jhonas Enroth
Backup : Matt Murray
Extra Forwards
Normal : Tobias Rieder, Andrew Ladd, Cam Atkinson - PP : Tobias Rieder, Andrew Ladd - PK : Cam Atkinson
Extra Defensemen
Normal : Brian Lee, Tyler Wotherspoon, Ben Chiarot - PP : Brian Lee - PK : Tyler Wotherspoon, Ben Chiarot
Penalty Shots
John Tavares, Michael Grabner, Guillaume Latendresse, Alex Chiasson, Jonathan Drouin
Custom OT Lines Forwards
John Tavares, Michael Grabner, Guillaume Latendresse, Alex Chiasson, Jonathan Drouin, Evgeny Grachev, Tobias Rieder, Andrew Ladd, Cam Atkinson, Scott Kosmachuck
Custom OT Lines Defensemen
Andrej Sustr, Boris Valabik, Ben Chiarot, Paul Ladue, Brian Lee
Scratches
Anton Cederholm (Healthy)
Lightning
5 vs 5 Forward
Center Left Wing Right Wing Time % Phy DF OF
1 Yanni Gourde Brendan Lemieux Nikita Kucherov 40 1 2 2
2 Jack Roslovic Anthony Cirelli Brock Boeser 30 1 2 2
3 Ryan Getzlaf Jimmy Vesey Tyler Kennedy 20 1 2 2
4 Daultan Leveillé Alex Killorn Jesper Fast 10 1 2 2
5 vs 5 Defense
Defense Defense Time % Phy DF OF
1 John Carlson Victor Hedman 40 1 2 2
2 Michael Kostka Shayne Gostisbehere 30 1 2 2
3 Noah Hanifin Jakob Chychrun 20 1 2 2
4 John Carlson Jakob Chychrun 10 1 2 2
PowerPlay Forward
Center Left Wing Right Wing Time % Phy DF OF
1 Yanni Gourde Brendan Lemieux Nikita Kucherov 60 1 2 2
2 Jack Roslovic Anthony Cirelli Brock Boeser 40 1 2 2
PowerPlay Defense
Defense Defense Time % Phy DF OF
1 John Carlson Jakob Chychrun 60 1 2 2
2 Michael Kostka Shayne Gostisbehere 40 1 2 2
Penalty Kill 4 Players Forward
Center Wing Time % Phy DF OF
1 Yanni Gourde Nikita Kucherov 60 1 2 2
2 Jack Roslovic Brendan Lemieux 40 1 2 2
Penalty Kill 4 Players Defense
Defense Defense Time % Phy DF OF
1 John Carlson Victor Hedman 60 1 2 2
2 Michael Kostka Shayne Gostisbehere 40 1 2 2
Penalty Kill - 3 Players Forward
Forward Time % Phy DF OF
1 Yanni Gourde 60 1 2 2
2 Ryan Getzlaf 40 1 2 2
Penalty Kill - 3 Players Defense
Defense Defense Time % Phy DF OF
1 John Carlson Victor Hedman 60 1 2 2
2 Michael Kostka Shayne Gostisbehere 40 1 2 2
4 vs 4 Forward
Center Wing Time % Phy DF OF
1 Nikita Kucherov Yanni Gourde 60 1 2 2
2 Brendan Lemieux Ryan Getzlaf 40 1 2 2
4 vs 4 Defense
Defense Defense Time % Phy DF OF
1 John Carlson Victor Hedman 60 1 2 2
2 Michael Kostka Shayne Gostisbehere 40 1 2 2
Last Minutes Offensive
Center Left Wing Right Wing Defense Defense
Yanni Gourde Brendan Lemieux Nikita Kucherov John Carlson Jakob Chychrun
Last Minutes Defensive
Center Left Wing Right Wing Defense Defense
Yanni Gourde Brendan Lemieux Tyler Kennedy John Carlson Shayne Gostisbehere
Goaltenders
Starting : Alex Nedeljkovic
Backup : Marc-André Fleury
Extra Forwards
Normal : Jack Roslovic, Brock Boeser, Jesper Fast - PP : Jack Roslovic, Brock Boeser - PK : Jesper Fast
Extra Defensemen
Normal : Noah Hanifin, Jakob Chychrun, Michael Kostka - PP : Noah Hanifin - PK : Jakob Chychrun, Michael Kostka
Penalty Shots
Nikita Kucherov, Yanni Gourde, Brendan Lemieux, Brock Boeser, Anthony Cirelli
Custom OT Lines Forwards
Nikita Kucherov, Yanni Gourde, Brendan Lemieux, Ryan Getzlaf, Tyler Kennedy, Jimmy Vesey, Jack Roslovic, Brock Boeser, Jesper Fast, Daultan Leveillé
Custom OT Lines Defensemen
John Carlson, Victor Hedman, Michael Kostka, Shayne Gostisbehere, Noah Hanifin
Scratches
Patrice Bergeron (Healthy)
% Time on Ice - Stars
Lines # - Real PCT - Wanted PCT - Time Play
Normal Forward
1 - 35% - 40% - 16:17
2 - 31% - 30% - 14:10
3 - 21% - 20% - 9:28
4 - 13% - 10% - 6:04
Normal Defense
1 - 41% - 40% - 18:46
2 - 32% - 30% - 14:51
3 - 23% - 20% - 10:31
4 - 4% - 10% - 1:51
PP Forward
1 - 59% - 60% - 3:24
2 - 41% - 40% - 2:20
PP Defense
1 - 53% - 60% - 3:04
2 - 47% - 40% - 2:40
PK Forward
1 - 73% - 60% - 6:04
2 - 27% - 40% - 2:13
PK Defense
1 - 59% - 60% - 4:52
2 - 41% - 40% - 3:25
PK3 Forward
1 - 0% - 60%
2 - 0% - 40%
PK3 Defense
1 - 0% - 60%
2 - 0% - 40%
44 Forward
1 - 80% - 60% - 1:46
2 - 20% - 40% - 0:27
44 Defense
1 - 65% - 60% - 1:27
2 - 35% - 40% - 0:46
Last Minute Offensive - 0:00
Last Minute Defensive - 0:00
Total
Forward - 62:13
Defense - 62:13
|
% Time on Ice - Lightning
Lines # - Real PCT - Wanted PCT - Time Play
Normal Forward
1 - 36% - 40% - 16:24
2 - 27% - 30% - 12:18
3 - 23% - 20% - 10:30
4 - 15% - 10% - 6:47
Normal Defense
1 - 42% - 40% - 19:23
2 - 32% - 30% - 14:49
3 - 21% - 20% - 9:47
4 - 4% - 10% - 2:00
PP Forward
1 - 55% - 60% - 4:34
2 - 45% - 40% - 3:43
PP Defense
1 - 59% - 60% - 4:53
2 - 41% - 40% - 3:24
PK Forward
1 - 84% - 60% - 4:49
2 - 16% - 40% - 0:55
PK Defense
1 - 69% - 60% - 3:58
2 - 31% - 40% - 1:46
PK3 Forward
1 - 83% - 60% - 1:50
2 - 17% - 40% - 0:23
PK3 Defense
1 - 73% - 60% - 1:37
2 - 27% - 40% - 0:36
44 Forward
1 - 0% - 60%
2 - 0% - 40%
44 Defense
1 - 0% - 60%
2 - 0% - 40%
Last Minute Offensive - 0:00
Last Minute Defensive - 0:00
Total
Forward - 62:13
Defense - 62:13
|
Play-by-Play
1st period
0:01 of 1st period - Yanni Gourde wins face-off versus John Tavares in neutral zone.
0:27 of 1st period - Victor Hedman is hit by Alex Chiasson and loses puck.
1:12 of 1st period - Slapshot by Nikita Kucherov.
1:12 of 1st period - Stopped by Jhonas Enroth with a rebound.
1:42 of 1st period - Slapshot by Daultan Leveillé.
1:42 of 1st period - Shot Blocked by Ben Chiarot.
1:52 of 1st period - Wrist shot by Michael Grabner.
1:52 of 1st period - Stopped by Alex Nedeljkovic with a rebound.
2:16 of 1st period - Snap shot by Michael Grabner.
2:16 of 1st period - Deflect By Jonathan Drouin.
2:16 of 1st period - Stopped by Alex Nedeljkovic with a rebound.
2:57 of 1st period - Snap shot by Michael Grabner.
2:57 of 1st period - Shot Hit the Post.
3:07 of 1st period - Icing by Brian Lee.
3:08 of 1st period - John Tavares wins face-off versus Yanni Gourde in Stars zone.
4:02 of 1st period - Snap shot by Henrik Borgstrom.
4:02 of 1st period - Goal by Henrik Borgstrom - Stars : 1 - Lightning : 0.
4:03 of 1st period - Yanni Gourde wins face-off versus Evgeny Grachev in neutral zone.
5:05 of 1st period - Minor Penalty to Tyler Wotherspoon for Holding.
5:06 of 1st period - John Tavares wins face-off versus Yanni Gourde in Stars zone.
6:06 of 1st period - Icing by Brendan Lemieux.
6:07 of 1st period - Guillaume Latendresse wins face-off versus Yanni Gourde in Lightning zone.
7:05 of 1st period - Penalty to Tyler Wotherspoon is over, Tyler Wotherspoon is back on ice.
7:16 of 1st period - Snap shot by Ryan Getzlaf.
7:16 of 1st period - Stopped by Jhonas Enroth without a rebound.
7:17 of 1st period - Alex Chiasson wins face-off versus Tyler Kennedy in Stars zone.
7:28 of 1st period - Backhand shot by Jonathan Drouin.
7:28 of 1st period - Stopped by Alex Nedeljkovic without a rebound.
7:29 of 1st period - Yanni Gourde wins face-off versus John Tavares in Lightning zone.
7:29 of 1st period - Yanni Gourde is hit by Michael Grabner.
7:57 of 1st period - Snap shot by Jonathan Drouin.
7:57 of 1st period - Stopped by Alex Nedeljkovic with a rebound.
7:59 of 1st period - Slapshot by Boris Valabik.
7:59 of 1st period - Deflect By Alex Chiasson.
7:59 of 1st period - Shot Misses the Net.
7:59 of 1st period - Puck is out of play.
8:00 of 1st period - Jack Roslovic wins face-off versus Evgeny Grachev in Lightning zone.
8:28 of 1st period - Wrist shot by Jonathan Drouin.
8:28 of 1st period - Stopped by Alex Nedeljkovic without a rebound.
8:29 of 1st period - Guillaume Latendresse wins face-off versus Yanni Gourde in Lightning zone.
8:38 of 1st period - Wrist shot by John Tavares.
8:38 of 1st period - Shot Misses the Net.
8:52 of 1st period - Wrist shot by Nikita Kucherov.
8:52 of 1st period - Stopped by Jhonas Enroth without a rebound.
8:53 of 1st period - Evgeny Grachev wins face-off versus Jack Roslovic in Stars zone.
9:22 of 1st period - Wrist shot by Michael Grabner.
9:22 of 1st period - Shot Misses the Net.
9:42 of 1st period - Snap shot by John Tavares.
9:42 of 1st period - Shot Misses the Net.
10:08 of 1st period - Wrist shot by Scott Kosmachuck.
10:08 of 1st period - Stopped by Alex Nedeljkovic with a rebound.
10:10 of 1st period - Wrist shot by Ben Chiarot.
10:10 of 1st period - Deflect By John Carlson.
10:10 of 1st period - Stopped by Alex Nedeljkovic with a rebound.
10:45 of 1st period - John Tavares is hit by Brendan Lemieux and loses puck.
10:50 of 1st period - Wrist shot by Yanni Gourde.
10:50 of 1st period - Shot Misses the Net.
10:54 of 1st period - Snap shot by Brendan Lemieux.
10:54 of 1st period - Goal by Brendan Lemieux - Stars : 1 - Lightning : 1.
10:55 of 1st period - Yanni Gourde wins face-off versus John Tavares in neutral zone.
11:04 of 1st period - Wrist shot by Nikita Kucherov.
11:04 of 1st period - Stopped by Jhonas Enroth with a rebound.
11:06 of 1st period - Snap shot by Yanni Gourde.
11:06 of 1st period - Stopped by Jhonas Enroth without a rebound.
11:07 of 1st period - John Tavares wins face-off versus Yanni Gourde in Stars zone.
11:12 of 1st period - Snap shot by John Tavares.
11:12 of 1st period - Stopped by Alex Nedeljkovic with a rebound.
11:34 of 1st period - John Tavares is hit by Ryan Getzlaf.
12:16 of 1st period - Brian Lee is hit by Jesper Fast and loses puck.
12:39 of 1st period - Snap shot by Nikita Kucherov.
12:39 of 1st period - Stopped by Jhonas Enroth with a rebound.
12:41 of 1st period - Slapshot by Victor Hedman.
12:41 of 1st period - Shot Misses the Net.
12:43 of 1st period - Slapshot by Shayne Gostisbehere.
12:43 of 1st period - Stopped by Jhonas Enroth without a rebound.
12:44 of 1st period - Yanni Gourde wins face-off versus Evgeny Grachev in Stars zone.
13:13 of 1st period - Slapshot by Evgeny Grachev.
13:13 of 1st period - Stopped by Alex Nedeljkovic with a rebound.
13:17 of 1st period - Wrist shot by Jonathan Drouin.
13:17 of 1st period - Stopped by Alex Nedeljkovic with a rebound.
13:26 of 1st period - Off-side.
13:27 of 1st period - Jack Roslovic wins face-off versus John Tavares in neutral zone.
14:59 of 1st period - Snap shot by Jonathan Drouin.
14:59 of 1st period - Goal by Jonathan Drouin - Stars : 2 - Lightning : 1.
15:00 of 1st period - John Tavares wins face-off versus Yanni Gourde in neutral zone.
15:07 of 1st period - Slapshot by John Tavares.
15:07 of 1st period - Shot Blocked by John Carlson.
15:12 of 1st period - Minor Penalty to Boris Valabik for Tripping.
15:13 of 1st period - Nikita Kucherov wins face-off versus John Tavares in Stars zone.
15:39 of 1st period - Andrej Sustr is hit by Jack Roslovic and loses puck.
15:47 of 1st period - Icing by Brock Boeser.
15:48 of 1st period - Guillaume Latendresse wins face-off versus Jack Roslovic in Lightning zone.
16:13 of 1st period - Wrist shot by Jack Roslovic.
16:13 of 1st period - Shot Misses the Net.
16:25 of 1st period - Snap shot by Brock Boeser.
16:25 of 1st period - Stopped by Jhonas Enroth without a rebound.
16:26 of 1st period - John Tavares wins face-off versus Yanni Gourde in Stars zone.
17:06 of 1st period - Icing by Brendan Lemieux.
17:07 of 1st period - Yanni Gourde wins face-off versus Guillaume Latendresse in Lightning zone.
17:12 of 1st period - Penalty to Boris Valabik is over, Boris Valabik is back on ice.
17:28 of 1st period - Snap shot by Daultan Leveillé.
17:28 of 1st period - Shot Blocked by Boris Valabik.
17:41 of 1st period - Slapshot by Andrej Sustr.
17:41 of 1st period - Shot Misses the Net.
18:18 of 1st period - Snap shot by Alex Chiasson.
18:18 of 1st period - Stopped by Alex Nedeljkovic with a rebound.
18:20 of 1st period - Slapshot by Guillaume Latendresse.
18:20 of 1st period - Shot Misses the Net.
18:22 of 1st period - Slapshot by Tyler Wotherspoon.
18:22 of 1st period - Stopped by Alex Nedeljkovic with a rebound.
18:24 of 1st period - Slapshot by Tyler Wotherspoon.
18:24 of 1st period - Shot Misses the Net.
18:26 of 1st period - Slapshot by Guillaume Latendresse.
18:26 of 1st period - Deflect By Alex Chiasson.
18:26 of 1st period - Stopped by Alex Nedeljkovic without a rebound.
18:27 of 1st period - Yanni Gourde wins face-off versus Evgeny Kuznetsov in Lightning zone.
18:29 of 1st period - Minor Penalty to Nikita Kucherov for Tripping.
18:30 of 1st period - Michael Grabner wins face-off versus Yanni Gourde in Lightning zone.
18:34 of 1st period - Slapshot by John Tavares.
18:34 of 1st period - Shot Blocked by Victor Hedman.
Goals for this period are 2 for Stars vs 1 for Lightning.
Shots for this period are 15 for Stars vs 9 for Lightning.
2nd period
0:01 of 2nd period - Yanni Gourde wins face-off versus John Tavares in neutral zone.
0:29 of 2nd period - Penalty to Nikita Kucherov is over, Nikita Kucherov is back on ice.
1:13 of 2nd period - Snap shot by Nikita Kucherov.
1:13 of 2nd period - Stopped by Jhonas Enroth without a rebound.
1:14 of 2nd period - John Tavares wins face-off versus Jack Roslovic in Stars zone.
1:56 of 2nd period - Wrist shot by Daultan Leveillé.
1:56 of 2nd period - Shot Misses the Net.
1:58 of 2nd period - Snap shot by Jesper Fast.
1:58 of 2nd period - Stopped by Jhonas Enroth without a rebound.
1:59 of 2nd period - Daultan Leveillé wins face-off versus John Tavares in Stars zone.
2:14 of 2nd period - Wrist shot by Guillaume Latendresse.
2:14 of 2nd period - Stopped by Alex Nedeljkovic without a rebound.
2:15 of 2nd period - Brock Boeser wins face-off versus Cam Atkinson in Lightning zone.
3:23 of 2nd period - Scott Kosmachuck is hit by Alex Killorn and loses puck.
3:46 of 2nd period - Icing by Anthony Cirelli.
3:47 of 2nd period - Jack Roslovic wins face-off versus Cam Atkinson in Lightning zone.
4:15 of 2nd period - Icing by Jack Roslovic.
4:16 of 2nd period - John Tavares wins face-off versus Jack Roslovic in Lightning zone.
4:25 of 2nd period - Slapshot by Michael Grabner.
4:25 of 2nd period - Stopped by Alex Nedeljkovic without a rebound.
4:26 of 2nd period - John Tavares wins face-off versus Brendan Lemieux in Lightning zone.
4:27 of 2nd period - Wrist shot by Guillaume Latendresse.
4:27 of 2nd period - Goal by Guillaume Latendresse - Stars : 3 - Lightning : 1.
4:28 of 2nd period - John Tavares wins face-off versus Brendan Lemieux in neutral zone.
4:35 of 2nd period - Snap shot by Guillaume Latendresse.
4:35 of 2nd period - Stopped by Alex Nedeljkovic without a rebound.
4:36 of 2nd period - Guillaume Latendresse wins face-off versus Yanni Gourde in Lightning zone.
5:21 of 2nd period - Wrist shot by Yanni Gourde.
5:21 of 2nd period - Deflect By Brendan Lemieux.
5:21 of 2nd period - Shot Misses the Net.
5:21 of 2nd period - Puck is out of play.
5:22 of 2nd period - Evgeny Grachev wins face-off versus Ryan Getzlaf in Stars zone.
5:43 of 2nd period - Minor Penalty to Ben Chiarot for Goalie Interference.
5:44 of 2nd period - Yanni Gourde wins face-off versus John Tavares in Stars zone.
6:19 of 2nd period - Backhand shot by Jakob Chychrun.
6:19 of 2nd period - Stopped by Jhonas Enroth with a rebound.
6:21 of 2nd period - Snap shot by Jack Roslovic.
6:21 of 2nd period - Stopped by Jhonas Enroth with a rebound.
6:40 of 2nd period - Icing by Michael Kostka.
6:41 of 2nd period - Guillaume Latendresse wins face-off versus Yanni Gourde in Lightning zone.
7:38 of 2nd period - Andrej Sustr is hit by Nikita Kucherov.
7:43 of 2nd period - Penalty to Ben Chiarot is over, Ben Chiarot is back on ice.
7:58 of 2nd period - Wrist shot by Ryan Getzlaf.
7:58 of 2nd period - Stopped by Jhonas Enroth with a rebound.
8:24 of 2nd period - Brian Lee is hit by Alex Killorn and loses puck.
9:27 of 2nd period - Brian Lee is hit by Yanni Gourde and loses puck.
9:48 of 2nd period - John Tavares is hit by Alex Killorn.
10:23 of 2nd period - Brendan Lemieux is hit by Andrej Sustr and loses puck.
10:30 of 2nd period - Wrist shot by Tobias Rieder.
10:30 of 2nd period - Stopped by Alex Nedeljkovic without a rebound.
10:31 of 2nd period - Jack Roslovic wins face-off versus John Tavares in Lightning zone.
10:58 of 2nd period - Shayne Gostisbehere is hit by Andrew Ladd and loses puck.
11:19 of 2nd period - Wrist shot by Tyler Kennedy.
11:19 of 2nd period - Goal by Tyler Kennedy - Stars : 3 - Lightning : 2.
11:20 of 2nd period - John Tavares wins face-off versus Yanni Gourde in neutral zone.
11:53 of 2nd period - Snap shot by Evgeny Grachev.
11:53 of 2nd period - Stopped by Alex Nedeljkovic without a rebound.
11:54 of 2nd period - Jack Roslovic wins face-off versus John Tavares in Lightning zone.
12:03 of 2nd period - Wrist shot by Brock Boeser.
12:03 of 2nd period - Shot Blocked by Paul Ladue.
12:23 of 2nd period - Wrist shot by Cam Atkinson.
12:23 of 2nd period - Deflect By Tobias Rieder.
12:23 of 2nd period - Stopped by Alex Nedeljkovic with a rebound.
12:25 of 2nd period - Slapshot by Cam Atkinson.
12:25 of 2nd period - Shot Misses the Net.
13:16 of 2nd period - Minor Penalty to Andrej Sustr for Hooking.
13:17 of 2nd period - Yanni Gourde wins face-off versus John Tavares in Stars zone.
13:21 of 2nd period - Wrist shot by Yanni Gourde.
13:21 of 2nd period - Shot Misses the Net.
13:30 of 2nd period - Off-side.
13:31 of 2nd period - Yanni Gourde wins face-off versus John Tavares in neutral zone.
13:37 of 2nd period - Slapshot by Brendan Lemieux.
13:37 of 2nd period - Goal by Brendan Lemieux - Stars : 3 - Lightning : 3.
13:38 of 2nd period - Yanni Gourde wins face-off versus John Tavares in neutral zone.
13:49 of 2nd period - Wrist shot by Michael Grabner.
13:49 of 2nd period - Stopped by Alex Nedeljkovic with a rebound.
13:55 of 2nd period - Snap shot by Brendan Lemieux.
13:55 of 2nd period - Shot Blocked by Andrej Sustr.
14:05 of 2nd period - Guillaume Latendresse is hit by Victor Hedman and loses puck.
14:34 of 2nd period - Snap shot by Michael Grabner.
14:34 of 2nd period - Shot Blocked by Ryan Getzlaf.
14:36 of 2nd period - Snap shot by Tyler Wotherspoon.
14:36 of 2nd period - Shot Blocked by John Carlson.
14:38 of 2nd period - Wrist shot by Michael Grabner.
14:38 of 2nd period - Deflect By John Tavares.
14:38 of 2nd period - Shot Misses the Net.
14:38 of 2nd period - Puck is out of play.
14:39 of 2nd period - Evgeny Grachev wins face-off versus Yanni Gourde in Lightning zone.
14:42 of 2nd period - Snap shot by Evgeny Grachev.
14:42 of 2nd period - Stopped by Alex Nedeljkovic with a rebound.
14:48 of 2nd period - Backhand shot by Jakob Chychrun.
14:48 of 2nd period - Stopped by Jhonas Enroth without a rebound.
14:49 of 2nd period - Yanni Gourde wins face-off versus Evgeny Grachev in Stars zone.
15:34 of 2nd period - Slapshot by Jakob Chychrun.
15:34 of 2nd period - Goal by Jakob Chychrun - Stars : 3 - Lightning : 4.
15:35 of 2nd period - John Tavares wins face-off versus Jack Roslovic in neutral zone.
15:48 of 2nd period - Snap shot by Brock Boeser.
15:48 of 2nd period - Shot Misses the Net.
16:07 of 2nd period - Jimmy Vesey is hit by Tobias Rieder and loses puck.
16:34 of 2nd period - Snap shot by Yanni Gourde.
16:34 of 2nd period - Stopped by Jhonas Enroth without a rebound.
16:35 of 2nd period - Yanni Gourde wins face-off versus Evgeny Grachev in Stars zone.
16:44 of 2nd period - Wrist shot by Yanni Gourde.
16:44 of 2nd period - Stopped by Jhonas Enroth with a rebound.
17:00 of 2nd period - Michael Grabner is hit by Jack Roslovic and loses puck.
17:27 of 2nd period - Cam Atkinson is hit by Jimmy Vesey and loses puck.
18:30 of 2nd period - Off-side.
18:31 of 2nd period - John Tavares wins face-off versus Yanni Gourde in neutral zone.
18:54 of 2nd period - Minor Penalty to Shayne Gostisbehere for Holding.
18:55 of 2nd period - Yanni Gourde wins face-off versus John Tavares in Lightning zone.
18:55 of 2nd period - Yanni Gourde is hit by Guillaume Latendresse.
19:08 of 2nd period - Victor Hedman is hit by John Tavares and loses puck.
19:29 of 2nd period - Wrist shot by Evgeny Grachev.
19:29 of 2nd period - Stopped by Alex Nedeljkovic with a rebound.
Goals for this period are 1 for Stars vs 3 for Lightning.
Shots for this period are 10 for Stars vs 11 for Lightning.
3rd period
0:01 of 3rd period - John Tavares wins face-off versus Yanni Gourde in neutral zone.
0:15 of 3rd period - Wrist shot by Michael Grabner.
0:15 of 3rd period - Stopped by Alex Nedeljkovic with a rebound.
0:17 of 3rd period - Slapshot by John Tavares.
0:17 of 3rd period - Shot Misses the Net.
0:37 of 3rd period - Brendan Lemieux is hit by Ben Chiarot and loses puck.
0:54 of 3rd period - Penalty to Shayne Gostisbehere is over, Shayne Gostisbehere is back on ice.
1:01 of 3rd period - Icing by Ben Chiarot.
1:02 of 3rd period - Ryan Getzlaf wins face-off versus Evgeny Grachev in Stars zone.
1:19 of 3rd period - Snap shot by Jack Roslovic.
1:19 of 3rd period - Stopped by Jhonas Enroth with a rebound.
1:21 of 3rd period - Snap shot by Brock Boeser.
1:21 of 3rd period - Shot Misses the Net.
1:23 of 3rd period - Snap shot by Shayne Gostisbehere.
1:23 of 3rd period - Shot Blocked by Guillaume Latendresse.
1:25 of 3rd period - Slapshot by Michael Kostka.
1:25 of 3rd period - Shot Misses the Net.
1:39 of 3rd period - Snap shot by Alex Killorn.
1:39 of 3rd period - Shot Misses the Net.
1:51 of 3rd period - Michael Grabner is hit by Alex Killorn.
2:06 of 3rd period - Off-side.
2:07 of 3rd period - Evgeny Grachev wins face-off versus Yanni Gourde in neutral zone.
2:28 of 3rd period - Wrist shot by Yanni Gourde.
2:28 of 3rd period - Shot Misses the Net.
2:30 of 3rd period - Slapshot by Brendan Lemieux.
2:30 of 3rd period - Stopped by Jhonas Enroth without a rebound.
2:31 of 3rd period - Evgeny Kuznetsov wins face-off versus Jack Roslovic in Stars zone.
3:05 of 3rd period - Andrej Sustr is hit by Ryan Getzlaf and loses puck.
3:36 of 3rd period - Slapshot by Boris Valabik.
3:36 of 3rd period - Shot Misses the Net.
3:38 of 3rd period - Wrist shot by Boris Valabik.
3:38 of 3rd period - Shot Misses the Net.
4:00 of 3rd period - Slapshot by Andrew Ladd.
4:00 of 3rd period - Stopped by Alex Nedeljkovic with a rebound.
4:02 of 3rd period - Snap shot by Henrik Borgstrom.
4:02 of 3rd period - Stopped by Alex Nedeljkovic without a rebound.
4:03 of 3rd period - John Tavares wins face-off versus Yanni Gourde in Lightning zone.
4:12 of 3rd period - Paul Ladue is hit by Nikita Kucherov and loses puck.
4:39 of 3rd period - Slapshot by Michael Kostka.
4:39 of 3rd period - Shot Blocked by Alex Chiasson.
4:55 of 3rd period - Evgeny Kuznetsov is hit by Michael Kostka and loses puck.
7:11 of 3rd period - Slapshot by Boris Valabik.
7:11 of 3rd period - Shot Blocked by Shayne Gostisbehere.
7:33 of 3rd period - Snap shot by Scott Kosmachuck.
7:33 of 3rd period - Goal by Scott Kosmachuck - Stars : 4 - Lightning : 4.
7:34 of 3rd period - Nikita Kucherov wins face-off versus Guillaume Latendresse in neutral zone.
8:05 of 3rd period - Off-side.
8:06 of 3rd period - Jack Roslovic wins face-off versus Evgeny Grachev in neutral zone.
8:14 of 3rd period - Snap shot by Jack Roslovic.
8:14 of 3rd period - Stopped by Jhonas Enroth with a rebound.
8:44 of 3rd period - Snap shot by Alex Chiasson.
8:44 of 3rd period - Goal by Alex Chiasson - Stars : 5 - Lightning : 4.
8:45 of 3rd period - John Tavares wins face-off versus Yanni Gourde in neutral zone.
8:54 of 3rd period - Wrist shot by Guillaume Latendresse.
8:54 of 3rd period - Stopped by Alex Nedeljkovic without a rebound.
8:55 of 3rd period - Michael Grabner wins face-off versus Yanni Gourde in Lightning zone.
9:06 of 3rd period - Snap shot by Brendan Lemieux.
9:06 of 3rd period - Stopped by Jhonas Enroth without a rebound.
9:07 of 3rd period - John Tavares wins face-off versus Yanni Gourde in Stars zone.
9:07 of 3rd period - John Tavares is hit by Yanni Gourde.
9:28 of 3rd period - Minor Penalty to John Tavares for Holding.
9:29 of 3rd period - Cam Atkinson wins face-off versus Yanni Gourde in Stars zone.
9:55 of 3rd period - Boris Valabik is hit by Brock Boeser and loses puck.
11:28 of 3rd period - Penalty to John Tavares is over, John Tavares is back on ice.
11:52 of 3rd period - Guillaume Latendresse is hit by John Carlson and loses puck.
11:59 of 3rd period - Slapshot by Jesper Fast.
11:59 of 3rd period - Stopped by Jhonas Enroth with a rebound.
12:01 of 3rd period - Slapshot by Jakob Chychrun.
12:01 of 3rd period - Shot Misses the Net.
12:03 of 3rd period - Slapshot by Noah Hanifin.
12:03 of 3rd period - Shot Blocked by Brian Lee.
12:21 of 3rd period - Andrew Ladd is hit by Tyler Kennedy and loses puck.
13:34 of 3rd period - Off-side.
13:35 of 3rd period - Yanni Gourde wins face-off versus Henrik Borgstrom in neutral zone.
13:45 of 3rd period - Slapshot by Yanni Gourde.
13:45 of 3rd period - Stopped by Jhonas Enroth with a rebound.
13:59 of 3rd period - Tyler Kennedy is hit by Alex Chiasson and loses puck.
14:08 of 3rd period - Wrist shot by Evgeny Grachev.
14:08 of 3rd period - Shot Blocked by Jimmy Vesey.
14:10 of 3rd period - Snap shot by Evgeny Grachev.
14:10 of 3rd period - Shot Misses the Net.
14:22 of 3rd period - Wrist shot by Jakob Chychrun.
14:22 of 3rd period - Goal by Jakob Chychrun - Stars : 5 - Lightning : 5.
14:23 of 3rd period - John Tavares wins face-off versus Yanni Gourde in neutral zone.
15:12 of 3rd period - Wrist shot by Scott Kosmachuck.
15:12 of 3rd period - Shot Blocked by Shayne Gostisbehere.
15:14 of 3rd period - Snap shot by Henrik Borgstrom.
15:14 of 3rd period - Shot Misses the Net.
15:16 of 3rd period - Slapshot by Ben Chiarot.
15:16 of 3rd period - Deflect By Jimmy Vesey.
15:16 of 3rd period - Stopped by Alex Nedeljkovic without a rebound.
15:17 of 3rd period - Henrik Borgstrom wins face-off versus Ryan Getzlaf in Lightning zone.
15:26 of 3rd period - Slapshot by Henrik Borgstrom.
15:26 of 3rd period - Deflect By Andrew Ladd.
15:26 of 3rd period - Shot Misses the Net.
15:26 of 3rd period - Puck is out of play.
15:27 of 3rd period - Evgeny Kuznetsov wins face-off versus Ryan Getzlaf in Lightning zone.
15:53 of 3rd period - Snap shot by Jonathan Drouin.
15:53 of 3rd period - Stopped by Alex Nedeljkovic without a rebound.
15:54 of 3rd period - Brendan Lemieux wins face-off versus Evgeny Grachev in Lightning zone.
16:53 of 3rd period - Guillaume Latendresse is hit by Brock Boeser.
17:03 of 3rd period - Slapshot by Scott Kosmachuck.
17:03 of 3rd period - Stopped by Alex Nedeljkovic with a rebound.
17:05 of 3rd period - Slapshot by Ben Chiarot.
17:05 of 3rd period - Shot Blocked by Nikita Kucherov.
17:07 of 3rd period - Slapshot by Paul Ladue.
17:07 of 3rd period - Stopped by Alex Nedeljkovic without a rebound.
17:08 of 3rd period - Evgeny Kuznetsov wins face-off versus Yanni Gourde in Lightning zone.
17:23 of 3rd period - Brian Lee is hit by Brendan Lemieux and loses puck.
17:45 of 3rd period - Snap shot by Evgeny Grachev.
17:45 of 3rd period - Shot Misses the Net.
17:47 of 3rd period - Snap shot by Alex Chiasson.
17:47 of 3rd period - Stopped by Alex Nedeljkovic without a rebound.
17:48 of 3rd period - John Tavares wins face-off versus Ryan Getzlaf in Lightning zone.
17:49 of 3rd period - Snap shot by Michael Grabner.
17:49 of 3rd period - Deflect By Jimmy Vesey.
17:49 of 3rd period - Shot Misses the Net.
17:49 of 3rd period - Puck is out of play.
17:50 of 3rd period - John Tavares wins face-off versus Ryan Getzlaf in Lightning zone.
17:57 of 3rd period - Snap shot by John Tavares.
17:57 of 3rd period - Shot Misses the Net.
17:59 of 3rd period - Slapshot by Andrej Sustr.
17:59 of 3rd period - Shot Blocked by Victor Hedman.
18:01 of 3rd period - Snap shot by Guillaume Latendresse.
18:01 of 3rd period - Shot Blocked by Victor Hedman.
18:13 of 3rd period - Double Minor Penalty to Tyler Kennedy for High sticking.
18:14 of 3rd period - Yanni Gourde wins face-off versus John Tavares in Lightning zone.
18:23 of 3rd period - Slapshot by Andrej Sustr.
18:23 of 3rd period - Shot Blocked by Victor Hedman.
18:25 of 3rd period - Snap shot by Boris Valabik.
18:25 of 3rd period - Deflect By John Carlson.
18:25 of 3rd period - Stopped by Alex Nedeljkovic without a rebound.
18:26 of 3rd period - John Tavares wins face-off versus Yanni Gourde in Lightning zone.
19:01 of 3rd period - Slapshot by Evgeny Grachev.
19:01 of 3rd period - Shot Misses the Net.
19:58 of 3rd period - Wrist shot by Jack Roslovic.
19:58 of 3rd period - Deflect By Brendan Lemieux.
19:58 of 3rd period - Shot Misses the Net.
19:58 of 3rd period - Puck is out of play.
19:59 of 3rd period - Evgeny Grachev wins face-off versus Jack Roslovic in Stars zone.
Goals for this period are 2 for Stars vs 1 for Lightning.
Shots for this period are 12 for Stars vs 7 for Lightning.
Overtime #1
0:01 of 1st overtime period - John Tavares wins face-off versus Yanni Gourde in neutral zone.
0:03 of 1st overtime period - Off-side.
0:04 of 1st overtime period - Yanni Gourde wins face-off versus John Tavares in neutral zone.
0:09 of 1st overtime period - Wrist shot by Yanni Gourde.
0:09 of 1st overtime period - Stopped by Jhonas Enroth without a rebound.
0:10 of 1st overtime period - Yanni Gourde wins face-off versus John Tavares in Stars zone.
0:29 of 1st overtime period - Slapshot by Boris Valabik.
0:29 of 1st overtime period - Deflect By John Tavares.
0:29 of 1st overtime period - Shot Blocked by John Carlson.
0:29 of 1st overtime period - Puck is out of play.
0:30 of 1st overtime period - John Tavares wins face-off versus Yanni Gourde in Lightning zone.
0:31 of 1st overtime period - Wrist shot by Michael Grabner.
0:31 of 1st overtime period - Shot Hit the Post.
2:13 of 1st overtime period - Penalty to Tyler Kennedy is over, Tyler Kennedy is back on ice.
2:17 of 1st overtime period - Michael Kostka is hit by Ben Chiarot and loses puck.
2:36 of 1st overtime period - Snap shot by Shayne Gostisbehere.
2:36 of 1st overtime period - Stopped by Jhonas Enroth with a rebound.
3:31 of 1st overtime period - Tobias Rieder is hit by Nikita Kucherov and loses puck.
4:49 of 1st overtime period - Icing by Jimmy Vesey.
4:50 of 1st overtime period - Jimmy Vesey wins face-off versus Michael Grabner in Lightning zone.
Goals for this period are 0 for Stars vs 0 for Lightning.
Shots for this period are 0 for Stars vs 2 for Lightning.
ShootOut
5:00 of 1st overtime period - Round #1.
5:00 of 1st overtime period - Stars, John Tavares.
5:00 of 1st overtime period - Wrist shot by John Tavares.
5:00 of 1st overtime period - Goal by John Tavares.
5:00 of 1st overtime period - Lightning, Nikita Kucherov.
5:00 of 1st overtime period - Deke by Nikita Kucherov.
5:00 of 1st overtime period - Goal by Nikita Kucherov.
5:00 of 1st overtime period - Round #2.
5:00 of 1st overtime period - Stars, Michael Grabner.
5:00 of 1st overtime period - Backhand shot by Michael Grabner.
5:00 of 1st overtime period - Stopped by Alex Nedeljkovic.
5:00 of 1st overtime period - Lightning, Yanni Gourde.
5:00 of 1st overtime period - Backhand shot by Yanni Gourde.
5:00 of 1st overtime period - Shot Misses the Net.
5:00 of 1st overtime period - Round #3.
5:00 of 1st overtime period - Stars, Guillaume Latendresse.
5:00 of 1st overtime period - Deke by Guillaume Latendresse.
5:00 of 1st overtime period - Goal by Guillaume Latendresse.
5:00 of 1st overtime period - Lightning, Brendan Lemieux.
5:00 of 1st overtime period - Snap shot by Brendan Lemieux.
5:00 of 1st overtime period - Stopped by Jhonas Enroth.